 Dungeon Crawl Stone Soup version 0.31-a0-750-gfe7b580527 (webtiles) character file.

Game seed: 12321526707390312939

28 Newt the Trooper (level 3, -6/29 HPs)
             Began as a Demonspawn Gladiator on Sept 14, 2023.
             Splashed by a jelly's acid (9 damage)
             ... on level 5 of the Dungeon.
             The game lasted 00:01:13 (1332 turns).

Newt the Trooper (Demonspawn Gladiator)             Turns: 1332, Time: 00:01:14

Health: -6/29      AC:  4    Str: 16    XL:     3   Next: 0%
Magic:  3/3        EV: 12    Int:  9    God:
Gold:   8          SH:  0    Dex: 14    Spells: 2/2 levels left

rFire   . . .        a - +0 rapier (vamp)
rCold   . . .        (no shield)
rNeg    . . .        b - +0 leather armour
rPois   .            c - +0 helmet
rElec   .            (no cloak)
rCorr   .            (no gloves)
SInv    .            (no boots)
Will    .....        (no amulet)
Stlth   +            (no ring)
HPRegen 0.24/turn    (no ring)
MPRegen 0.08/turn

%: no passive effects
@: no status effects
A: weakness stinger 1
a: no special abilities


You were on level 5 of the Dungeon.
You visited 1 branch of the dungeon, and saw 4 of its levels.

You collected 92 gold pieces.
You spent 84 gold pieces at shops.

Inventory:

Hand Weapons
 a - a +0 vampiric rapier (weapon)
Missiles
 d - 3 throwing nets (quivered)
 e - a javelin
Armour
 b - a +0 leather armour (worn)
 c - a +0 helmet (worn)
Scrolls
 f - a scroll of fog
 g - 3 scrolls of identify
 i - a scroll of noise
Potions
 h - a potion of might
 j - a potion of enlightenment {unknown}


   Skills:
 + Level 3.5 Fighting
 - Level 2.6 Short Blades
 - Level 1.7 Throwing
 - Level 2.6 Dodging


You had 2 spell levels left.
You didn't know any spells.
Your spell library contained the following spells:

 Spells                   Type           Power      Damage    Failure   Level
 Magic Dart               Conj           0%         1d3       45%         1
 Searing Ray              Conj           0%         2d4       58%         2
 Fulminant Prism          Conj/Hex       0%         3d5       99%         4


Dungeon Overview and Level Annotations

Branches:
Dungeon (3/15)

Altars:
Qazlal

Shops:
D:3 ?


Innate Abilities, Weirdness & Mutations

You have a small tail.


Message History

You hit the howler monkey but do no damage.
The howler monkey is moderately wounded.
The howler monkey hits you.
A hound comes into view.
The howler monkey hits you.
A white imp comes into view.
The hound barks!
You hit the howler monkey.
You feel better.
Your tail-slap misses the howler monkey.
The howler monkey is severely wounded.
The howler monkey hits you.
The white imp lashes its tail.
You closely miss the howler monkey.
The howler monkey is severely wounded.
The howler monkey closely misses you.
You completely miss the howler monkey. You tail-slap the howler monkey.
The howler monkey is almost dead.
The howler monkey hoots and howls with incredible vigour!
A jelly comes into view.
The white imp shouts, "Return whence thou came, thou twisted tardy-gaited fustilarian!"
The white imp gestures at you. The puff of frost hits you!
The howler monkey hits you.
* * * LOW HITPOINT WARNING * * *
You hear an angry hiss.
You hear an angry growl.
You hear a shout! x3
Okay, then.
An adder comes into view.
The howler monkey closely misses you.
Unknown command.
You barely miss the howler monkey.
The howler monkey is almost dead.
The white imp gestures at you. The puff of frost misses you.
The howler monkey misses you.
Unknown command.
Found 7 gold pieces.
The howler monkey hoots and howls with incredible vigour!
Unknown command.
The jelly attacks as it pursues you! The jelly hits you.
* * * LOW HITPOINT WARNING * * *
You are splashed with acid!
You die...

#........
#.......$
.........
#..........
#######........S.
#................
#..........S.....
#......J.# ......
######@#h##......
###.#..h#
...###.###
#####.###...#
..........5.#
.#########...=.#
.###.# .. # ...


You could see a jelly and an adder.

Vanquished Creatures
  2 bats (D:2)
  5 endoplasms
  4 hobgoblins
  2 quokkas
  3 ball pythons (D:1)
  A frilled lizard (D:2)
  3 goblins
  2 kobolds (D:2)
  5 rats (D:2)
27 creatures vanquished.

Notes
Turn   | Place    | Note
-------+----------+-------------------------------------------
     0 | D:1      | Newt the Demonspawn Gladiator began the quest for the Orb.
     0 | D:1      | Reached XP level 1. HP: 16/16 MP: 1/1
   207 | D:1      | Gained mutation: You have a small tail. [demonic ancestry]
   207 | D:1      | Reached XP level 2. HP: 23/23 MP: 2/2
   435 | D:2      | Reached skill level 3 in Fighting
  1265 | D:3      | Reached XP level 3. HP: 29/29 MP: 3/3
  1269 | D:3      | Found a stormy altar of Qazlal.
  1291 | D:3      | Found Siocuat's Magic Scroll Shop.
  1300 | D:3      | Bought a scroll of identify for 24 gold pieces
  1300 | D:3      | Bought a scroll of identify for 24 gold pieces
  1300 | D:3      | Bought a scroll of identify for 24 gold pieces
  1300 | D:3      | Bought a scroll of noise for 12 gold pieces
  1319 | D:3      | You fall into a shaft and drop 2 floors!
  1319 | D:5      | Entered Level 5 of the Dungeon
  1332 | D:5      | Splashed by a jelly's acid

Illustrated notes

Levels and vault maps discovered:
D:1:      orjb1_lava_funnel, layout_rooms
D:2:      minmay_angry_zag, layout_basic
D:3:      minmay_door_path, layout_basic, cheibrodos_ashenzari_chains,
          mainiacjoe_overflow_catwalk, ebering_ghost_reflecting_pool,
          serial_shops, shop, minmay_misc_feat_iff
D:5:      layout_basic, hangedman_ru_absence, minmay_temple_entry_nine_rooms,
          amethyst_killhole, uniq_pikel

Skill      XL: |  1  2 |
---------------+-------+-----
Fighting       | 3 |  3.5
Short Blades   | |  2.6
Throwing       | |  1.7
Dodging        | |  2.6

Action                     || total
---------------------------++-------
  Melee: Rapier            ||    80
         Tailslap          ||     4
    Use: Scroll            ||     4
   Stab: Sleeping          ||     2
 Armour: Leather armour    ||    43
  Dodge: Dodged            ||    53

Table legend: (Time is in decaauts)
 A = Elapsed time spent in this place.
 B = Non-inter-level travel time spent in this place.
 C = Inter-level travel time spent in this place.
 D = Time resting spent in this place.
 E = Time spent auto-exploring this place.
 F = Levels seen in this place.
 G = Mean time per level.
                   A        B        C        D        E       F      G
               +--------+--------+--------+--------+--------+-----+--------+
         Total |   1336 |   1297 |     39 |      0 |   1098 |   4 |  334.0 |
       Dungeon |   1336 |   1297 |     39 |      0 |   1098 |   4 |  334.0 |
               +--------+--------+--------+--------+--------+-----+--------+

Top non-repeatable levels by time:
     D:2: 823 daAuts
     D:1: 357 daAuts
     D:3: 143 daAuts
     D:5: 13 daAuts
